 Dungeon Crawl Stone Soup version 0.23.2-40-g277498a001 (webtiles) character file.

Game seed: 15572249240765803804

60 Descartes the Changer (level 4, 0/21 HPs)
             Began as a Vine Stalker Transmuter on Oct 21, 2019.
             Slain by an adder (2 damage)
             ... on level 2 of the Dungeon.
             The game lasted 00:03:21 (2241 turns).

Descartes the Changer (Vine Stalker Transmuter)     Turns: 2241, Time: 00:03:22

Health: 0/21       AC:  3    Str: 13    XL:     4   Next: 6%
Magic:  0/8        EV: 12    Int: 13    God:
Gold:   68         SH:  0    Dex: 15    Spells: 4/7 levels left

rFire    + . .     SeeInvis .     - Unarmed
rCold    . . .     Gourm    .   (no shield)
rNeg     . . .     Faith    .   b - +0 robe
rPois    .         Spirit   +   (no helmet)
rElec    .         Reflect  .   (no cloak)
rCorr    .         Harm     .   (no gloves)
MR       .....                  p - +0 pair of boots (curse)
Stlth    +.........             (no amulet)
HPRegen  0.47/turn              l - ring of protection from fire
MPRegen  0.11/turn              (no ring)

@: lethally poisoned (0 -> -3)
A: fangs 2, regeneration 1, magic shield, antimagic bite, no potion heal 3, rot
immunity
a: no special abilities


You were on level 2 of the Dungeon.
You were not hungry.

You visited 1 branch of the dungeon, and saw 3 of its levels.

You collected 68 gold pieces.

Inventory:

Missiles
 a - 80 arrows
 j - 3 needles of confusion
 k - 61 stones (quivered)
 o - 9 sling bullets
 r - 9 bolts
Armour
 b - a +0 robe (worn)
 p - a cursed +0 pair of boots (worn)
Jewellery
 l - a ring of protection from fire (left hand)
Scrolls
 e - a scroll of remove curse {unknown}
 f - 2 scrolls of teleportation {unknown}
 h - 2 scrolls of fear {unknown}
 n - 2 scrolls of identify {unknown}
 q - a scroll of amnesia {unknown}
 t - a scroll of blinking {unknown}
Potions
 c - a potion of haste {unknown}
 g - a potion of agility {unknown}
 i - a potion of curing {unknown}
 m - a potion of might {unknown}
 s - a potion of mutation {unknown}
Comestibles
 d - 4 rations
 u - 2 chunks of flesh


   Skills:
 - Level 0.8 Fighting
 - Level 1.5 Dodging
 - Level 3.0 Unarmed Combat
 - Level 2.1 Spellcasting
 + Level 4.2 Transmutations


You had 4 spell levels left.
You knew the following spells:

 Your Spells              Type           Power        Failure   Level  Hunger
a - Beastly Appendage     Tmut           ##....       4%          1    ##.....
b - Sticks to Snakes      Tmut           ##......     7%          2    ###....

Your spell library contained the following spells:

 Spells                   Type           Power        Failure   Level  Hunger
 Corona                   Hex            #......      26%         1    ##.....
 Spider Form              Tmut/Pois      #.........   32%         3    ####...
 Ensorcelled Hibernation  Hex/Ice        #.....       36%         2    ###....
 Confuse                  Hex            #.......     58%         3    ####...
 Dazzling Spray           Conj/Hex       #.....       58%         3    ####...
 Tukima's Dance           Hex            #.......     58%         3    ####...
 Ice Form                 Ice/Tmut       #.......     71%         4    #####..
 Blade Hands              Tmut           ##........   77%         5    ######.


Dungeon Overview and Level Annotations

Branches:
Dungeon (3/15)

Altars:

Annotations:
D:3 Robin


Innate Abilities, Weirdness & Mutations

You have extremely sharp teeth.
Your natural rate of healing is unusually fast.
When hurt, damage is shared between your health and your magic reserves.
Your bite disrupts and absorbs the magic of your enemies.
Potions cannot restore your health.
You are immune to rotting.


Message History

You hit the adder.
The adder is heavily wounded.
* * * LOW HITPOINT WARNING * * *
You feel sick. The adder closely misses you. The adder misses you.
You closely miss the adder. Your bite misses the adder.
The adder is heavily wounded.
You feel sick. The adder bites you.
* * * LOW HITPOINT WARNING * * *
You hit the adder.
The adder is severely wounded.
* * * LOW HITPOINT WARNING * * *
You feel sick. The adder misses you.
You miss the adder.
The adder is severely wounded.
* * * LOW HITPOINT WARNING * * *
You feel sick. The adder bites you.
You closely miss the adder.
The adder is severely wounded.
The adder bites you.
You die...

##.##### #.# #.#
## #.#....# #.#
#.# ##.###.# #.#
#.# ### #.# #.##
#.# # #.# #..#
#.#### # #.#
##.# #....# #
#.# #.# ####.# #
#.# #S# #.# #
#.# #@#### #<#
###### #.#
#....# #.#
#..... #.#
####.# #.#
#.###. #.# #.#
#.# #.# #. #.#
#.# #.# #.###.
#.# #.#
#[####..... #.#
#.# #.#)##.....
######.##
##.###..#.......
........#
#......#.##.....


You could see an adder.

Vanquished Creatures
  A worm (D:3)
  3 dart slugs
  6 bats
  6 giant cockroaches
  4 goblins (D:1)
  3 hobgoblins
  7 jackals
  6 kobolds
  A quokka (D:3)
  3 frilled lizards
  7 rats
47 creatures vanquished.

Notes
Turn   | Place    | Note
-------+----------+-------------------------------------------
     0 | D:1      | Descartes the Vine Stalker Transmuter began the quest for
                  | the Orb.
     0 | D:1      | Reached XP level 1. HP: 9/9 MP: 4/4
     6 | D:1      | Noticed a lindwurm
     6 | D:1      | Noticed a swamp drake
     7 | D:1      | Noticed a polar bear
     7 | D:1      | Noticed a water moccasin
   171 | D:1      | Reached XP level 2. HP: 7/14 MP: 3/6
   442 | D:1      | Reached skill level 3 in Transmutations
   548 | D:1      | Reached XP level 3. HP: 9/17 MP: 4/7
  1036 | D:2      | Learned a level 2 spell: Sticks to Snakes
  1909 | D:3      | Reached skill level 4 in Transmutations
  2202 | D:3      | Gained mutation: Your natural rate of healing is unusually
                  | fast. [Vine Stalker growth]
  2202 | D:3      | Reached XP level 4. HP: 19/21 MP: 8/8
  2210 | D:3      | Noticed Robin
  2240 | D:2      | HP: 1/21 [poisoned by an adder]
  2241 | D:2      | Slain by an adder

Skill      XL: |  1  2  3 |
---------------+----------+-----
Transmutations | 3 4 |  4.2
Fighting       | |  0.8
Dodging        | |  1.5
Unarmed Combat | |  3.0
Spellcasting   | |  2.1

Action                   |  1- 3 |  4- 6 || total
-------------------------+-------+-------++-------
Melee: Unarmed           |   148 |    18 ||   166
       Bite              |    38 |     5 ||    43
       Punch             |     3 |       ||     3
 Stab: Sleeping          |     1 |       ||     1
  Eat: Chunk             |     4 |       ||     4
Armor: Robe              |    45 |     6 ||    51
Dodge: Dodged            |   134 |    15 ||   149
